[Event "ICC tourney 2514 (60 10)"]
[Site "Internet Chess Club"]
[Date "2021.04.18"]
[Round "5"]
[White "GALVEZ, TIARA:Firephionex23"]
[Black "ANANDKUMAR, HAITUKA:Haituka"]
[Result "1-0"]
[ICCResult "Black resigns"]
[WhiteElo "1367"]
[BlackElo "1034"]
[Opening "Nimzo-Indian defense"]
[ECO "E20"]
[NIC "NI.30"]
[Time "13:17:28"]
[PlyCount "81"]
[TimeControl "3600+10"]

1. d4 Nf6 2. c4 e6 3. Nc3 Bb4 4. Bd2 Bxc3 5. Bxc3 d5 6. e3 Bd7 7. Nf3 Nc6
8. Be2 h6 9. O-O O-O 10. b3 Ne4 11. Bb2 Qf6 12. cxd5 exd5 13. Nd2 Ng5 14.
Bf3 Ne7 15. Rc1 c6 16. Bg4 Bxg4 17. Qxg4 Ng6 18. Ba3 Rfe8 19. Nf3 Nxf3+ 20.
Qxf3 Qg5 21. Qg3 Qf6 22. Qc7 Qg5 23. Bd6 Nh4 24. Bg3 Ng6 25. Qxb7 Re6 26.
Qxa8+ Kh7 27. Rxc6 Rxc6 28. Qxc6 Nh4 29. Qc2+ g6 30. Bxh4 Qxh4 31. Qc5 a6
32. Qxd5 Qf6 33. Qe5 Qb6 34. Qe7 Kg7 35. Qc5 Qf6 36. Qe5 Qxe5 37. dxe5 Kf8
38. Rc1 Ke7 39. Rc6 a5 40. Ra6 a4 41. bxa4 { Black resigns } 1-0

[Event "ICC tourney 2514 (60 10)"]
[Site "Internet Chess Club"]
[Date "2021.04.18"]
[Round "5"]
[White "Vesval, Thomas:Goofymammoth"]
[Black "DOGRA, DIVIJ SINGH:divijdogra"]
[Result "0-1"]
[ICCResult "White checkmated"]
[WhiteElo "1268"]
[BlackElo "1237"]
[Opening "French: advance variation"]
[ECO "C02"]
[NIC "FR.03"]
[Time "13:17:20"]
[PlyCount "122"]
[TimeControl "3600+10"]

1. e4 e6 2. d4 d5 3. e5 c5 4. c3 Nc6 5. Bb5 Bd7 6. Ne2 Qb6 7. Bxc6 Bxc6 8.
b3 Rc8 9. O-O cxd4 10. cxd4 Ne7 11. Nbc3 Ng6 12. Bb2 Bb4 13. a3 Bxc3 14.
Bxc3 Bb5 15. Rc1 O-O 16. Qd2 Qa6 17. a4 Bxe2 18. Rfe1 Bh5 19. Ba5 Rxc1 20.
Rxc1 b6 21. Bc3 Rc8 22. a5 Qe2 23. Bb4 Rxc1+ 24. Qxc1 Qd1+ 25. Qxd1 Bxd1
26. Kf1 Bxb3 27. Ke2 Bc4+ 28. Kd2 bxa5 29. Bxa5 Ne7 30. Bb4 Nc6 31. Bc5 a5
32. Kc3 g6 33. Kb2 Nb4 34. Kc3 Nd3 35. f3 Nxc5 36. dxc5 Kf8 37. g3 Ke8 38.
c6 Kd8 39. h4 Kc7 40. g4 Kxc6 41. g5 Kc5 42. h5 d4+ 43. Kd2 gxh5 44. g6
hxg6 45. f4 a4 46. f5 exf5 47. e6 fxe6 48. Kc2 d3+ 49. Kb2 d2 50. Kc2 a3
51. Kxd2 a2 52. Kc2 a1=Q 53. Kd2 Qd4+ 54. Kc2 Qd3+ 55. Kb2 Qb3+ 56. Kc1 Qa2
57. Kd1 Bb3+ 58. Ke1 Kd4 59. Kf1 Ke3 60. Kg1 Kf3 61. Kh1 Qg2# { White
checkmated } 0-1

[Event "ICC tourney 2514 (60 10)"]
[Site "Internet Chess Club"]
[Date "2021.04.18"]
[Round "5"]
[White "PIMANOFF, THEODORE V:Harshcrocodile"]
[Black "BURCHILL, MARCUS:MarcusB"]
[Result "0-1"]
[ICCResult "White resigns"]
[WhiteElo "1110"]
[BlackElo "1271"]
[Opening "Petrov's defense"]
[ECO "C42"]
[NIC "RG.03"]
[Time "13:17:40"]
[PlyCount "48"]
[TimeControl "3600+10"]

1. e4 e5 2. Nf3 Nf6 3. Nxe5 Nc6 4. Nf3 Bc5 5. d4 Bb6 6. Nc3 Qe7 7. e5 d6 8.
Bf4 Bg4 9. Bb5 O-O-O 10. Bxc6 bxc6 11. h3 Bxf3 12. Qxf3 Bxd4 13. Qxc6 Bxe5
14. Bxe5 Qxe5+ 15. Ne2 Rde8 16. Qf3 Nd5 17. Rd1 Nb4 18. Rd2 Qxb2 19. O-O
Qxa2 20. c3 Qxd2 21. Qf5+ Kd8 22. Rb1 Qxe2 23. Rxb4 Qe1+ 24. Kh2 Qe5+ {
White resigns } 0-1

[Event "ICC tourney 2514 (60 10)"]
[Site "Internet Chess Club"]
[Date "2021.04.18"]
[Round "5"]
[White "Shah, Zara:mindfulmint"]
[Black "JAVIER, JERICK:Jerickjavier18"]
[Result "0-1"]
[ICCResult "White checkmated"]
[WhiteElo "1230"]
[BlackElo "1328"]
[Opening "Sicilian defense"]
[ECO "B30"]
[NIC "SI.31"]
[Time "13:17:30"]
[PlyCount "108"]
[TimeControl "3600+10"]

1. e4 c5 2. Nf3 Nc6 3. c3 e6 4. d4 cxd4 5. cxd4 d5 6. Nc3 dxe4 7. Nxe4 Qxd4
8. Nxd4 Nxd4 9. Qxd4 Bd7 10. Bf4 Bc6 11. Rd1 Nf6 12. Nxf6+ gxf6 13. Qxf6
Rg8 14. Bg5 Rxg5 15. Qxg5 Bb4+ 16. Ke2 a5 17. Qg8+ Bf8 18. Qxh7 a4 19. Qh5
Rc8 20. Ke3 Rc7 21. Bb5 Rc8 22. Bxc6+ bxc6 23. Qe5 c5 24. Qc3 c4 25. Qd4
Bc5 26. Ke4 Bxd4 27. Rxd4 f5+ 28. Ke5 Ke7 29. Rhd1 Rc5+ 30. Kf4 e5+ 31.
Kxf5 exd4+ 32. Ke4 d3 33. Kd4 Rc6 34. b3 cxb3 35. axb3 a3 36. Ra1 d2 37.
Kd3 Rc1 38. Rxa3 d1=Q+ 39. Ke3 Rc3+ 40. Kf4 Rxb3 41. Ra7+ Kd6 42. Ra8 Qd4+
43. Kg5 Qd5+ 44. Kf4 Qxa8 45. Kg4 Qxg2+ 46. Kf4 Qf3+ 47. Kg5 Ke6 48. Kh4
Rb4+ 49. Kg5 Qf5+ 50. Kh6 Qh3+ 51. Kg7 Rf4 52. Kg6 Qg4+ 53. Kh6 Qh4+ 54.
Kg6 Rg4# { White checkmated } 0-1

[Event "ICC tourney 2514 (60 10)"]
[Site "Internet Chess Club"]
[Date "2021.04.18"]
[Round "5"]
[White "PRASAD, AMIT:CobaltGame"]
[Black "CARMINA, JONATHAN:temporarydanger"]
[Result "1-0"]
[ICCResult "Black checkmated"]
[WhiteElo "1358"]
[BlackElo "1090"]
[Opening "QGD: symmetrical (Austrian) defense"]
[ECO "D06"]
[NIC "QP.08"]
[Time "13:17:24"]
[PlyCount "55"]
[TimeControl "3600+10"]

1. d4 d5 2. c4 c5 3. Nf3 Nc6 4. cxd5 Qxd5 5. Nc3 Qf5 6. e4 Qg6 7. d5 Nb4 8.
a3 Na6 9. Bb5+ Bd7 10. Bxd7+ Kxd7 11. Ne5+ Kc7 12. Nxg6 hxg6 13. Bf4+ Kd8
14. Qa4 Nf6 15. O-O Ng4 16. h3 Nf6 17. Rad1 Nc7 18. d6 Ne6 19. dxe7+ Kxe7
20. Bd6+ Kd8 21. Bxf8+ Kc8 22. e5 Nxf8 23. exf6 gxf6 24. Rfe1 Ne6 25. Qd7+
Kb8 26. Rxe6 fxe6 27. Nb5 b6 28. Qc7# { Black checkmated } 1-0

[Event "ICC tourney 2514 (60 10)"]
[Site "Internet Chess Club"]
[Date "2021.04.18"]
[Round "5"]
[White "HERNANDEZ, DAMION:SAEpicDH"]
[Black "Nori, YOGA KAUSTHUBHA KRISHNA:Harithaananth"]
[Result "1-0"]
[ICCResult "Black checkmated"]
[WhiteElo "1270"]
[BlackElo "1018"]
[Opening "QGD: Marshall defense"]
[ECO "D06"]
[NIC "QP.08"]
[Time "13:17:27"]
[PlyCount "109"]
[TimeControl "3600+10"]

1. d4 d5 2. c4 Nf6 3. Nf3 e6 4. e3 Nc6 5. Be2 Bb4+ 6. Bd2 Bxd2+ 7. Nbxd2
Bd7 8. O-O dxc4 9. Bxc4 O-O 10. e4 a6 11. a3 b5 12. Bd3 Re8 13. Qc2 g6 14.
Nb3 b4 15. Rac1 bxa3 16. bxa3 Qe7 17. Ne5 Nxe5 18. dxe5 Nh5 19. Qxc7 Rac8
20. Qd6 Qxd6 21. exd6 Rxc1 22. Rxc1 Nf4 23. Bxa6 Ra8 24. Rc7 Rxa6 25. Rxd7
e5 26. Rd8+ Kg7 27. d7 Ne6 28. Nc5 Rd6 29. Nxe6+ fxe6 30. g3 Kf7 31. Rh8
Rxd7 32. Rxh7+ Ke8 33. Rxd7 Kxd7 34. Kg2 Kc6 35. Kh3 Kc5 36. Kg4 Kc4 37.
Kg5 Kb3 38. Kxg6 Kxa3 39. h4 Kb4 40. h5 Kc4 41. h6 Kd4 42. h7 Kxe4 43. h8=Q
Kd4 44. Qh4+ e4 45. Qf4 e5 46. Qe3+ Kd5 47. Kf5 Kc4 48. Qxe4+ Kc5 49. Qxe5+
Kc6 50. Ke4 Kd7 51. Qf6 Ke8 52. Qg7 Kd8 53. Kd5 Ke8 54. Ke6 Kd8 55. Qd7# {
Black checkmated } 1-0

[Event "ICC tourney 2514 (60 10)"]
[Site "Internet Chess Club"]
[Date "2021.04.18"]
[Round "5"]
[White "NETI, ADARSH:PearPower"]
[Black "BENCOSME LEE, SUBI BELIN:SAHYMS-Subi"]
[Result "1-0"]
[ICCResult "Black checkmated"]
[WhiteElo "1290"]
[BlackElo "1103"]
[Opening "Giuoco Piano"]
[ECO "C50"]
[NIC "IG.02"]
[Time "13:17:19"]
[PlyCount "49"]
[TimeControl "3600+10"]

1. e4 e5 2. Nf3 Nc6 3. Bc4 Bc5 4. O-O Nf6 5. Nc3 O-O 6. d3 h6 7. h3 d6 8.
Be3 Bb6 9. Nd5 Nxd5 10. Bxd5 Be6 11. Bb3 Nd4 12. Nxd4 exd4 13. Bd2 d5 14.
exd5 Bxd5 15. Bxd5 Qxd5 16. Qg4 Kh7 17. Rfe1 Rae8 18. Kf1 Qd6 19. Rxe8 Rxe8
20. Qf5+ g6 21. Qxf7+ Kh8 22. Qxe8+ Kg7 23. Re1 c5 24. Re7+ Kf6 25. Qf7# {
Black checkmated } 1-0

[Event "ICC tourney 2514 (60 10)"]
[Site "Internet Chess Club"]
[Date "2021.04.18"]
[Round "5"]
[White "LAY, ARTIS:al68067"]
[Black "Jaichand, Rishab:rjaichand"]
[Result "0-1"]
[ICCResult "White resigns"]
[WhiteElo "1273"]
[BlackElo "1188"]
[Opening "Queen's pawn: London system"]
[ECO "A45"]
[NIC "QP.07"]
[Time "13:17:35"]
[PlyCount "115"]
[TimeControl "3600+10"]

1. d4 Nf6 2. Bf4 c5 3. c3 Qb6 4. Qd2 e6 5. Nf3 cxd4 6. Nxd4 d6 7. Nf3 Ne4
8. Qc2 Qxf2+ 9. Kd1 Qb6 10. b3 Nf2+ 11. Kd2 Nxh1 12. Be3 Qc6 13. Nd4 Qd5
14. c4 Qa5+ 15. Nc3 e5 16. Nf3 Nc6 17. a3 Qd8 18. Rd1 Ne7 19. Kc1 Nf5 20.
Bg1 Nd4 21. Nxd4 exd4 22. Rxd4 Qg5+ 23. Kb2 Be7 24. Nd5 Bf6 25. Nxf6+ Qxf6
26. Qe4+ Be6 27. Qxb7 O-O 28. Qf3 Qxf3 29. exf3 Rfe8 30. Rxd6 Rad8 31. Rd3
Bf5 32. Rxd8 Rxd8 33. g4 Rd1 34. Bxa7 Rxf1 35. gxf5 Rxf3 36. Bb8 Rxf5 37.
b4 Rf2+ 38. Kc3 Rf3+ 39. Kb2 Kf8 40. Bd6+ Ke8 41. a4 Re3 42. a5 Kd7 43. c5
Re8 44. Kb3 Kc6 45. Ka4 Ra8 46. b5+ Kd7 47. b6 Kc6 48. Kb4 f5 49. Bf4 h6
50. Be3 g5 51. Bd4 f4 52. Kc3 Rxa5 53. Kd3 Ra3+ 54. Ke2 f3+ 55. Kf1 f2 56.
Kg2 h5 57. Bxf2 Nxf2 58. Kxf2 { White resigns } 0-1

[Event "ICC tourney 2514 (60 10)"]
[Site "Internet Chess Club"]
[Date "2021.04.18"]
[Round "5"]
[White "EISENBERG, LINUS NGUYEN:PrimusInvin"]
[Black "WOLOZ, GABRIEL:Gabesw"]
[Result "0-1"]
[ICCResult "White resigns"]
[WhiteElo "1361"]
[BlackElo "840"]
[Opening "King's gambit"]
[ECO "C30"]
[NIC "KG.05"]
[Time "13:17:20"]
[PlyCount "65"]
[TimeControl "3600+10"]

1. e4 e5 2. f4 Nc6 3. Nf3 d5 4. exd5 Qxd5 5. Nc3 Qe6 6. fxe5 Nxe5 7. Nxe5
Qxe5+ 8. Be2 Bg4 9. O-O Bd6 10. Bxg4 Qxh2+ 11. Kf2 Bc5+ 12. d4 Qh4+ 13. Kg1
Bb4 14. Re1+ Ne7 15. Qe2 Rd8 16. a3 Bd6 17. Qf3 Qxe1+ 18. Qf1 Qg3 19. Bf3
Nf5 20. Qe2+ Ne7 21. Nd5 Rd7 22. Nxe7 Rxe7 23. Qb5+ c6 24. Bxc6+ bxc6 25.
Qxc6+ Rd7 26. Qe4+ Be7 27. Qa8+ Rd8 28. Qc6+ Kf8 29. Bd2 Rxd4 30. Qc8+ Rd8
31. Qc3 Qd6 32. Be3 Bf6 33. Qa5 { White resigns } 0-1

[Event "ICC tourney 2514 (60 10)"]
[Site "Internet Chess Club"]
[Date "2021.04.18"]
[Round "5"]
[White "BABENKO, ARIEL:ArielB"]
[Black "Tsuboyama, Kai:kgtkgt2010"]
[Result "1-0"]
[ICCResult "Black checkmated"]
[WhiteElo "1112"]
[BlackElo "1298"]
[Opening "Scandinavian: Marshall variation"]
[ECO "B01"]
[NIC "SD.03"]
[Time "13:17:25"]
[PlyCount "115"]
[TimeControl "3600+10"]

1. e4 d5 2. exd5 Nf6 3. d4 Nxd5 4. Nf3 Bg4 5. Be2 e6 6. O-O Nc6 7. b3 Bb4
8. Bb2 Qd7 9. Ne5 Bxe2 10. Qxe2 Nxe5 11. dxe5 O-O-O 12. c4 Nf4 13. Qe3 Nd3
14. Ba3 Bxa3 15. Nxa3 Qd4 16. Qxd4 Rxd4 17. Rad1 Rhd8 18. Nb5 R4d7 19.
Nxa7+ Kb8 20. Nb5 Nxe5 21. Rxd7 Rxd7 22. Re1 Nc6 23. g3 Nb4 24. a3 Nc2 25.
Re2 Rd1+ 26. Kg2 Nd4 27. Nxd4 Rxd4 28. Re3 Rd2 29. b4 Rc2 30. c5 Ka7 31.
Rd3 f5 32. Re3 Ra2 33. Rxe6 Rxa3 34. Re7 c6 35. Rxg7 Ra4 36. Rxh7 Rxb4 37.
Rf7 f4 38. Rxf4 Rb5 39. Rc4 b6 40. cxb6+ Kxb6 41. h4 Rd5 42. Rc1 c5 43. g4
Rd4 44. Kg3 c4 45. h5 Kb5 46. h6 Rd6 47. g5 Rg6 48. Kf4 Kb4 49. h7 c3 50.
h8=Q Rc6 51. Qxc3+ Rxc3 52. Rxc3 Kxc3 53. g6 Kd2 54. g7 Ke2 55. f3 Kf2 56.
g8=Q Kf1 57. Ke3 Ke1 58. Qg1# { Black checkmated } 1-0

[Event "ICC tourney 2514 (60 10)"]
[Site "Internet Chess Club"]
[Date "2021.04.18"]
[Round "5"]
[White "MARISWARAN, SHASHVAT:sassymareese"]
[Black "MOGUEL, IXOYE:IxoyeMoguelLara"]
[Result "0-1"]
[ICCResult "White checkmated"]
[WhiteElo "1429"]
[BlackElo "1382"]
[Opening "Ruy Lopez: Berlin defense, open variation"]
[ECO "C67"]
[NIC "RL.07"]
[Time "13:17:19"]
[PlyCount "112"]
[TimeControl "3600+10"]

1. e4 e5 2. Nf3 Nc6 3. Bb5 Nf6 4. O-O Nxe4 5. Re1 Nd6 6. Nxe5 Be7 7. Nxc6
dxc6 8. Ba4 O-O 9. d4 Bh4 10. Nd2 Qf6 11. g3 Qg6 12. Nf3 Bf6 13. Ne5 Bxe5
14. dxe5 Ne4 15. Qe2 Nc5 16. Bb3 Bg4 17. f3 Nxb3 18. axb3 Bf5 19. c4 a6 20.
Bf4 Rfe8 21. g4 b5 22. cxb5 cxb5 23. h4 h5 24. g5 Qe6 25. Qe3 Red8 26. Rad1
Rxd1 27. Rxd1 Bc2 28. Rd4 Bxb3 29. Rd3 Bd5 30. Kf2 a5 31. Qd2 c6 32. Ra3 a4
33. Re3 Qh3 34. Bg3 Bc4 35. Re1 a3 36. bxa3 Rxa3 37. e6 Bxe6 38. Qd8+ Kh7
39. Qd6 Ra2+ 40. Re2 Ra1 41. Qd3+ g6 42. Re1 Rxe1 43. Kxe1 Qxg3+ 44. Ke2
Bc4 45. Ke3 Bxd3 46. Kxd3 Qxf3+ 47. Kc2 Qe2+ 48. Kb3 c5 49. Kc3 b4+ 50. Kb3
c4+ 51. Kxb4 Qc2 52. Ka5 c3 53. Kb4 Qb2+ 54. Ka4 c2 55. Ka5 c1=Q 56. Ka4
Qca1# { White checkmated } 0-1

[Event "ICC tourney 2514 (60 10)"]
[Site "Internet Chess Club"]
[Date "2021.04.18"]
[Round "5"]
[White "KUMAR, SUHANA:SuhanaK"]
[Black "BETANCES, NOAH-ALEXANDER:HYNoahAlexaderB"]
[Result "1-0"]
[ICCResult "Black checkmated"]
[WhiteElo "1255"]
[BlackElo "1023"]
[Opening "Scandinavian defense"]
[ECO "B01"]
[NIC "SD.03"]
[Time "13:17:29"]
[PlyCount "85"]
[TimeControl "3600+10"]

1. e4 d5 2. exd5 Nf6 3. Bc4 Nxd5 4. Bxd5 Qxd5 5. Nf3 Bg4 6. Nc3 Qd7 7. O-O
Nc6 8. d3 e5 9. Re1 Bd6 10. d4 Bxf3 11. Qxf3 Nxd4 12. Qxb7 O-O 13. Qe4 Nc6
14. Re3 Nb4 15. a3 Nc6 16. Rh3 f5 17. Qd5+ Qf7 18. Qxc6 Rad8 19. Nd5 Bxa3
20. bxa3 Qxd5 21. Qxd5+ Rxd5 22. Bb2 e4 23. c4 Rd2 24. Be5 Rfd8 25. Kf1 Rc2
26. Rc3 Rdd2 27. Rxc2 Rxc2 28. Bxc7 Rxc4 29. Bb8 a6 30. Rb1 g6 31. Rb6 Ra4
32. Bd6 Kg7 33. Ke2 h5 34. Kd2 Kf6 35. Kc3 Ke6 36. Bc5+ Kd5 37. Be7 Rc4+
38. Kb3 Rd4 39. Rxa6 Rd3+ 40. Kc2 Ke5 41. Rxg6 Rxa3 42. Bxa3 Kf4 43. Bd6# {
Black checkmated } 1-0

[Event "ICC tourney 2514 (60 10)"]
[Site "Internet Chess Club"]
[Date "2021.04.18"]
[Round "5"]
[White "PODDUTURI, AASHRITH:chessprogidy"]
[Black "LUO, OLIVER:BadChessNotGood"]
[Result "0-1"]
[ICCResult "White resigns"]
[WhiteElo "1378"]
[BlackElo "596"]
[Opening "Queen's bishop game"]
[ECO "D00"]
[NIC "QP.08"]
[Time "13:17:20"]
[PlyCount "50"]
[TimeControl "3600+10"]

1. d4 d5 2. Bf4 Nf6 3. Nf3 e6 4. e3 c5 5. c3 Bd6 6. Bg3 O-O 7. Bd3 Nc6 8.
Nbd2 Qe7 9. Ne5 c4 10. Bc2 Qc7 11. f4 Ne7 12. Bh4 Ne8 13. g4 f6 14. Nef3 b5
15. Qb1 g6 16. g5 b4 17. cxb4 Bxb4 18. a3 Bxd2+ 19. Nxd2 c3 20. Nb3 Rb8 21.
Ra2 e5 22. gxf6 Nxf6 23. fxe5 Ng4 24. Qc1 Qc4 25. Bxe7 Ba6 { White resigns
} 0-1

[Event "ICC tourney 2514 (60 10)"]
[Site "Internet Chess Club"]
[Date "2021.04.18"]
[Round "5"]
[White "PATEL, SOHAM:SPBrain"]
[Black "BENCOSME-LEE, GABE:SAHY-Gabe"]
[Result "0-1"]
[ICCResult "White checkmated"]
[WhiteElo "1248"]
[BlackElo "1394"]
[Opening "Philidor's defense"]
[ECO "C41"]
[NIC "KP.10"]
[Time "13:17:26"]
[PlyCount "102"]
[TimeControl "3600+10"]

1. e4 e5 2. Nf3 d6 3. Bc4 Be7 4. d3 Nf6 5. Be3 O-O 6. Nbd2 c6 7. Nf1 a5 8.
a3 b5 9. Ba2 Nbd7 10. Ng3 Nc5 11. b4 axb4 12. axb4 Na4 13. O-O Nc3 14. Qd2
Nxa2 15. c3 Be6 16. c4 bxc4 17. Rxa2 Rxa2 18. Qxa2 cxd3 19. Qd2 Qc7 20. Bh6
Rb8 21. Bg5 Qb6 22. Rb1 Bg4 23. Qxd3 Bxf3 24. gxf3 Qd8 25. Bxf6 Bxf6 26.
Nf5 Be7 27. Nxe7+ Qxe7 28. Rd1 Rd8 29. Qc4 Qd7 30. Rc1 Rc8 31. b5 Qe7 32.
bxc6 g6 33. c7 Kg7 34. Qc6 h6 35. Qb7 Qg5+ 36. Kf1 Qxc1+ 37. Kg2 Qxc7 38.
Qd5 Qe7 39. h4 Qxh4 40. Qxd6 Rc1 41. Qxe5+ Kh7 42. Qe8 Qg5+ 43. Kh2 Qg1+
44. Kh3 Qh1+ 45. Kg3 Rg1+ 46. Kf4 Qh4+ 47. Ke3 Re1+ 48. Kd3 Rd1+ 49. Kc2
Qd8 50. Qxf7+ Kh8 51. Qb3 Qd2# { White checkmated } 0-1

[Event "ICC tourney 2514 (60 10)"]
[Site "Internet Chess Club"]
[Date "2021.04.18"]
[Round "5"]
[White "MARTINEZ, EMILEO ENRIQUE:Gaku398973"]
[Black "NOZAKI, MAYA:ChocolateSwirl"]
[Result "0-1"]
[ICCResult "White checkmated"]
[WhiteElo "1310"]
[BlackElo "1136"]
[Opening "Sicilian defense"]
[ECO "B20"]
[NIC "SI.48"]
[Time "13:17:40"]
[PlyCount "72"]
[TimeControl "3600+10"]

1. e4 c5 2. Bc4 e6 3. Nc3 a6 4. a4 Nc6 5. Nf3 d6 6. d3 Nf6 7. Bg5 Be7 8.
Bxf6 Bxf6 9. O-O O-O 10. Nd2 b6 11. f4 Ne7 12. g4 Bd4+ 13. Kh1 Bxc3 14.
bxc3 d5 15. exd5 exd5 16. Ba2 d4 17. c4 Bb7+ 18. Nf3 Qd7 19. Rg1 Qc6 20.
Rg3 Ng6 21. f5 Ne5 22. Kg2 Nxf3 23. Rxf3 Rfe8 24. Kf2 Qd6 25. Qh1 Bxf3 26.
Kxf3 Qc6+ 27. Kf2 Qxh1 28. Rxh1 Re3 29. Bb3 Rae8 30. h3 Re2+ 31. Kg3 R8e3+
32. Kh4 Rf3 33. Ra1 Ree3 34. a5 Rxh3+ 35. Kg5 h6+ 36. Kf4 Rhf3# { White
checkmated } 0-1

[Event "ICC tourney 2514 (60 10)"]
[Site "Internet Chess Club"]
[Date "2021.04.18"]
[Round "5"]
[White "OSMOND, AVA ROSE:avaosmond"]
[Black "SOOD, MANASVIN:kushood"]
[Result "0-1"]
[ICCResult "White checkmated"]
[WhiteElo "1277"]
[BlackElo "1402"]
[Opening "French: Tarrasch, closed variation"]
[ECO "C05"]
[NIC "FR.14"]
[Time "13:17:29"]
[PlyCount "58"]
[TimeControl "3600+10"]

1. e4 e6 2. d4 d5 3. Nd2 Nf6 4. Bd3 Be7 5. e5 Nfd7 6. Ngf3 c5 7. c3 Nc6 8.
Nb3 c4 9. Nbd2 cxd3 10. Nb3 O-O 11. Qxd3 f6 12. Bf4 b6 13. Qb5 Bb7 14. Qe2
Qb8 15. exf6 Qxf4 16. Qxe6+ Kh8 17. fxe7 Rfe8 18. O-O Rxe7 19. Qxd5 Rd8 20.
Rfe1 Nde5 21. Qb5 Nxf3+ 22. gxf3 Ne5 23. Rxe5 Qxf3 24. Kf1 Rxe5 25. Qxe5
Rf8 26. Qe1 Ba6+ 27. Kg1 Qg4+ 28. Kh1 Bb7+ 29. f3 Bxf3# { White checkmated
} 0-1

[Event "ICC tourney 2514 (60 10)"]
[Site "Internet Chess Club"]
[Date "2021.04.18"]
[Round "5"]
[White "Chin, Matthew:mhchin"]
[Black "Smith, Graham Bradley:Smittyboy13"]
[Result "1/2-1/2"]
[ICCResult "Game drawn because neither player has mating material"]
[WhiteElo "1264"]
[BlackElo "786"]
[Opening "Giuoco Piano"]
[ECO "C54"]
[NIC "IG.02"]
[Time "13:17:27"]
[PlyCount "136"]
[TimeControl "3600+10"]

1. e4 e5 2. Nf3 Nc6 3. Bc4 Bc5 4. c3 Nf6 5. d4 exd4 6. cxd4 Bb4+ 7. Bd2
Bxd2+ 8. Nbxd2 O-O 9. O-O d6 10. e5 dxe5 11. Nxe5 Nxe5 12. dxe5 Ng4 13. e6
Bxe6 14. Bxe6 fxe6 15. Qxg4 Qxd2 16. Qxe6+ Rf7 17. Qb3 Rf8 18. Rad1 Qe2 19.
Rd7 Qe8 20. Rxc7 Kh8 21. Rxf7 Qxf7 22. Qxf7 Rxf7 23. Rd1 g6 24. f3 Kg7 25.
Kf2 Kf6 26. Rd4 Rc7 27. Ke3 Rc2 28. Rd2 Rc7 29. Rd4 Rc2 30. Rd6+ Ke7 31.
Rd2 Rc7 32. a3 Ke6 33. Ke4 Rc5 34. Kf4 Rh5 35. h3 Rb5 36. Ke4 Re5+ 37. Kd3
Rd5+ 38. Kc3 Rc5+ 39. Kb4 Rg5 40. g4 h5 41. f4 Rd5 42. Rxd5 Kxd5 43. gxh5
gxh5 44. f5 Ke5 45. Kc5 Kxf5 46. Kd6 Kf4 47. Kc7 Kg3 48. Kxb7 a5 49. b4
axb4 50. axb4 Kxh3 51. b5 Kg2 52. b6 h4 53. Ka7 h3 54. b7 h2 55. b8=Q h1=Q
56. Qb7+ Kg1 57. Qb1+ Kh2 58. Qh7+ Kg1 59. Qb1+ Kh2 60. Qb8+ Kg1 61. Qb6+
Kh2 62. Qd6+ Kg1 63. Qd4+ Kh2 64. Qf4+ Kg1 65. Qe3+ Kh2 66. Qh6+ Kg1 67.
Qc1+ Kh2 68. Qxh1+ Kxh1 { Game drawn because neither player has mating
material } 1/2-1/2

[Event "ICC tourney 2514 (60 10)"]
[Site "Internet Chess Club"]
[Date "2021.04.18"]
[Round "5"]
[White "AYYAPPAN, ANUSHKA:Anushkaa"]
[Black "CARR, EVAN YE:Evanthegreatest"]
[Result "0-1"]
[ICCResult "White checkmated"]
[WhiteElo "1303"]
[BlackElo "1257"]
[Opening "French: exchange variation"]
[ECO "C01"]
[NIC "FR.01"]
[Time "13:17:23"]
[PlyCount "134"]
[TimeControl "3600+10"]

1. e4 e6 2. d4 d5 3. exd5 exd5 4. Nc3 Nf6 5. Nf3 Bd6 6. Bg5 O-O 7. Nxd5
Nbd7 8. Nxf6+ Nxf6 9. Be2 h5 10. O-O Bf5 11. c3 c5 12. dxc5 Bxc5 13. Qxd8
Raxd8 14. Nh4 Be6 15. Bxf6 gxf6 16. Bxh5 Rd2 17. b3 Rfd8 18. b4 Bb6 19. a4
a6 20. h3 Bc4 21. Rfc1 Bxf2+ 22. Kh1 Bxh4 23. Bf3 b6 24. Bc6 Kg7 25. Bf3
Bg3 26. Rd1 Rxd1+ 27. Rxd1 Rxd1+ 28. Bxd1 Be1 29. a5 bxa5 30. bxa5 Bxc3 31.
Ba4 Bxa5 32. g4 Bb5 33. Bb3 Be1 34. Kg2 Bh4 35. Kh2 a5 36. Kg2 a4 37. Ba2
a3 38. Kh2 Bd3 39. Kg2 Kg6 40. Kh2 Be4 41. Kg1 f5 42. gxf5+ Bxf5 43. Kg2 f6
44. Kh2 Be4 45. Kg1 f5 46. Kh2 Kg5 47. Kg1 Kf4 48. Kh2 Bg3+ 49. Kg1 Kg5 50.
Kf1 Kh4 51. Ke2 Kxh3 52. Kf1 f4 53. Ke2 Kg2 54. Bb3 f3+ 55. Kd2 f2 56. Bc4
Bd5 57. Bxd5+ Kg1 58. Bc4 f1=Q 59. Bxf1 Kxf1 60. Kc2 Bd6 61. Kb1 Ke2 62.
Ka2 Kd3 63. Kb3 Kd4 64. Ka2 Kc3 65. Ka1 Kb3 66. Kb1 a2+ 67. Ka1 Be5# {
White checkmated } 0-1

[Event "ICC tourney 2514 (60 10)"]
[Site "Internet Chess Club"]
[Date "2021.04.18"]
[Round "5"]
[White "Ho, Joshua:AutomaticCougar"]
[Black "KUMAR, SANNAH:Sannahk"]
[Result "0-1"]
[ICCResult "White checkmated"]
[WhiteElo "1334"]
[BlackElo "1198"]
[Opening "King's Indian: London system"]
[ECO "A45"]
[NIC "QP.03"]
[Time "13:17:24"]
[PlyCount "74"]
[TimeControl "3600+10"]

1. d4 Nf6 2. Bf4 g6 3. Nf3 Bg7 4. e3 O-O 5. Bd3 d6 6. c3 Nfd7 7. Nbd2 e5 8.
Bg3 Nc6 9. O-O Qe8 10. Qc2 Nf6 11. b4 a6 12. a4 Bg4 13. Ng5 exd4 14. exd4
h6 15. Rfe1 Qd8 16. Ngf3 Re8 17. h3 Be6 18. b5 Ne7 19. c4 Bf5 20. Ne4 Nxe4
21. Bxe4 Bxe4 22. Qxe4 axb5 23. cxb5 Nf5 24. Qxb7 Rxe1+ 25. Rxe1 Nxg3 26.
fxg3 Rxa4 27. Qc6 Ra8 28. Rc1 Ra7 29. Re1 Ra8 30. Rc1 Ra7 31. Rc4 Kf8 32.
d5 Qe8 33. Nd4 Bxd4+ 34. Rxd4 Qe3+ 35. Kh2 Qxd4 36. Kh1 Ra1+ 37. Kh2 Qg1# {
White checkmated } 0-1

[Event "ICC tourney 2514 (60 10)"]
[Site "Internet Chess Club"]
[Date "2021.04.18"]
[Round "5"]
[White "HELLER, RICHIE:RichieHeller"]
[Black "MANE, ARNAV KISHOR:georgianknight"]
[Result "0-1"]
[ICCResult "White resigns"]
[WhiteElo "989"]
[BlackElo "1226"]
[Opening "Sicilian: closed"]
[ECO "B23"]
[NIC "SI.44"]
[Time "13:17:20"]
[PlyCount "76"]
[TimeControl "3600+10"]

1. e4 c5 2. Nc3 d6 3. g3 Nc6 4. d3 Nf6 5. Bg2 Bd7 6. Nf3 e6 7. O-O Be7 8.
h3 O-O 9. Bf4 a6 10. Qd2 e5 11. Be3 Nd4 12. Kh2 Re8 13. Ne2 Qc8 14. Bxd4
cxd4 15. Rac1 Qd8 16. c3 dxc3 17. Nxc3 Rc8 18. Ne1 Bc6 19. Nc2 d5 20. Qe1
d4 21. Nb1 Bb5 22. Qe2 Nd7 23. Nd2 Nc5 24. Ne1 Qa5 25. a3 Qd8 26. f4 exf4
27. Rxf4 Bg5 28. Rf2 Be3 29. Rf1 Bxd2 30. Qxd2 Nb3 31. Rxc8 Nxd2 32. Rxd8
Nxf1+ 33. Bxf1 Rxd8 34. Nc2 a5 35. Kg2 Ba4 36. Ne1 Rd6 37. Kf3 Rb6 38. Kf4
Rf6+ { White resigns } 0-1